 Dungeon Crawl Stone Soup version 0.31-a0-1074-g0b22e4e0f1 (webtiles) character file.

Game seed: 5518333029566461901

129 grandjackal the Conjurer (level 4, 0/24 HPs)
             Began as a Deep Elf Conjurer on Dec 7, 2023.
             Killed from afar by an orc wizard (6 damage)
             ... with a magic dart
             ... on level 3 of the Dungeon.
             The game lasted 00:02:42 (1542 turns).

grandjackal the Conjurer (Deep Elf Conjurer)        Turns: 1542, Time: 00:02:43

Health: 0/24       AC:  3    Str:  4    XL:     4   Next: 88%
Magic:  1/13       EV: 12    Int: 25    God:
Gold:   109        SH:  0    Dex: 13    Spells: 3/13 levels left

rFire   . . .        c - staff of death
rCold   . . .        (no shield)
rNeg    + . .        a - +0 robe
rPois   .            j - +0 helmet
rElec   .            (no cloak)
rCorr   .            (no gloves)
SInv    .            (no boots)
Will    .....        (no amulet)
Stlth   ++           (no ring)
HPRegen 0.24/turn    (no ring)
MPRegen 0.13/turn

%: no passive effects
@: no status effects
A: no striking features
a: no special abilities


You were on level 3 of the Dungeon.
You visited 1 branch of the dungeon, and saw 3 of its levels.

You collected 109 gold pieces.

Inventory:

Armour
 a - a +0 robe (worn)
 j - a +0 helmet (worn)
Magical Staves
 c - a staff of death (weapon)
Scrolls
 f - a scroll of fog {unknown}
 g - 2 scrolls of blinking {unknown}
 h - 2 scrolls of brand weapon {unknown}
 k - a scroll of poison {unknown}
 l - 2 scrolls of noise {unknown}
Potions
 b - a potion of magic
 d - a potion of might {unknown}
 e - a potion of haste {unknown}
 i - 3 potions of curing {unknown}


   Skills:
 - Level 2.4 Dodging
 - Level 2.4 Stealth
 + Level 5.1 Spellcasting
 + Level 5.6 Conjurations
 + Level 1.6 Necromancy


You had 3 spell levels left.
You knew the following spells:

 Your Spells              Type           Power      Damage    Failure   Level
a - Magic Dart            Conj           100%       1d8       1%          1
b - Searing Ray           Conj           68%        2d6       1%          2
c - Vampiric Draining     Necr           21%        2d7       13%         3
d - Sticky Flame          Conj/Fire      20%        2d4       26%         4

Your spell library contained the following spells:

 Spells                   Type           Power      Damage    Failure   Level
 Dazzling Flash           Conj/Hex       40%        N/A       8%          3
 Slow                     Hex            24%        N/A       9%          1
 Confusing Touch          Hex            6%         N/A       24%         3
 Ignite Poison            Fire/Tmut/Pois 6%         N/A       24%         3
 Sigil of Binding         Hex            6%         N/A       24%         3
 Fulminant Prism          Conj/Hex       10%        3d8       26%         4
 Iskenderun's Mystic Bla  Conj/Tloc      20%        2d6       26%         4
 Ignition                 Fire           3%         3d4       100%        8


Dungeon Overview and Level Annotations

Branches:
Dungeon (3/15)

Altars:


Message History

The puff of flame hits you!
Unknown command.
You start resting.
An orc wizard is nearby!
Casting: Magic Dart (safe; 1% risk of failure)
Confirm with . or Enter, or press ? or * to list all spells.
Aiming: Searing Ray (safe; 1% risk of failure)
Press: ? - help, Shift-Dir - straight line, f - orc wizard
Aim: an orc wizard, wielding a +0 dagger and wearing a +0 robe (76% to hit)
The searing ray hits the orc wizard.
The orc wizard is moderately wounded. (Press . to maintain the ray.)
The searing ray hits the orc wizard but does no damage.
The orc wizard is moderately wounded.
Unknown command.
The searing ray hits the orc wizard.
The orc wizard is moderately wounded.
The orc wizard hits you with a +0 dagger.
Unknown command.
You aren't carrying any items that you can evoke.
Unknown command.
The searing ray hits the orc wizard.
The orc wizard is severely wounded.
You finish channelling your searing ray.
The orc wizard gestures wildly while chanting.
The orc wizard flickers and vanishes!
Deactivating autopickup; reactivate with Ctrl-A.
Unknown command.
You hear some strange, mumbled words.
Something tries to affect you, but you resist.
Something tries to affect you, but you resist.
A magic dart appears from out of thin air!
The magic dart hits you.
A magic dart appears from out of thin air!
The magic dart hits you!
* * * LOW HITPOINT WARNING * * *
There is a stone staircase leading up here.
A magic dart appears from out of thin air!
The magic dart hits you.
You die...

### #.. ..... ... ....
#.# .... . # #.#
#.o#.# #. #.####).#†#
#.. #...##...#
###..†########.#.##.)#
#......@....{..#{##.#
#.###.##.####......##
#..(............##
#.##.####........## ..
#.#..†.........# #.#
#..###..........# .
#.## ##.........# #.##
##........# #.
#...##...#


There were no monsters in sight!

Vanquished Creatures
  An orc priest (D:2)
  An iguana (D:3)
  Robin (D:2)
  A worm (D:2)
  3 dart slugs
  6 orcs
  3 ball pythons
  3 endoplasms
  A giant cockroach (D:1)
  8 hobgoblins
  A kobold (D:2)
  2 quokkas
  2 bats
  2 frilled lizards
  7 goblins
  4 rats
46 creatures vanquished.

Notes
Turn   | Place    | Note
-------+----------+-------------------------------------------
     0 | D:1      | grandjackal the Deep Elf Conjurer began the quest for the
                  | Orb.
     0 | D:1      | Reached XP level 1. HP: 10/10 MP: 6/6
   218 | D:1      | Reached XP level 2. HP: 15/15 MP: 3/8
   610 | D:2      | Learned a level 2 spell: Searing Ray
   689 | D:2      | Reached skill level 5 in Conjurations
   689 | D:2      | Reached XP level 3. HP: 19/19 MP: 0/11
   855 | D:2      | Learned a level 3 spell: Vampiric Draining
   971 | D:2      | Reached XP level 4. HP: 24/24 MP: 6/12
   982 | D:2      | Noticed Robin
   998 | D:2      | Killed Robin
  1094 | D:2      | Reached skill level 1 in Necromancy
  1290 | D:2      | Found a faded altar of an unknown god.
  1408 | D:3      | Learned a level 4 spell: Sticky Flame
  1432 | D:3      | Reached skill level 5 in Spellcasting
  1542 | D:3      | Killed from afar by an orc wizard

Illustrated notes

Levels and vault maps discovered:
D:1:      dpeg_arrival_rooms_c, layout_rooms, minmay_misc_feat_hallway
D:2:      layout_rooms, ebering_ecumenical_altar_abandoned, glass_columns_b,
          minmay_misc_feat_rows, uniq_robin
D:3:      layout_loops_ring, serial_bayou_lagoon_a

Skill      XL: |  1  2  3  4 |
---------------+-------------+-----
Spellcasting   | 4 5 |  5.1
Conjurations   | 5 |  5.6
Necromancy     | 1 |  1.6
Dodging        | |  2.4
Stealth        | |  2.4

Action                     |  1- 3 |  4- 6 || total
---------------------------+-------+-------++-------
  Melee: Staff             |       |     7 ||     7
   Cast: Magic Dart        |    33 |    32 ||    65
         Searing Ray       |     2 |     4 ||     6
 Armour: Robe              |     1 |    10 ||    11
  Dodge: Dodged            |     3 |     4 ||     7

Table legend: (Time is in decaauts)
 A = Elapsed time spent in this place.
 B = Non-inter-level travel time spent in this place.
 C = Inter-level travel time spent in this place.
 D = Time resting spent in this place.
 E = Time spent auto-exploring this place.
 F = Levels seen in this place.
 G = Mean time per level.
                   A        B        C        D        E       F      G
               +--------+--------+--------+--------+--------+-----+--------+
         Total |   1542 |   1518 |     24 |    257 |   1016 |   3 |  514.0 |
       Dungeon |   1542 |   1518 |     24 |    257 |   1016 |   3 |  514.0 |
               +--------+--------+--------+--------+--------+-----+--------+

Top non-repeatable levels by time:
     D:2: 795 daAuts
     D:1: 605 daAuts
     D:3: 141 daAuts
